AoeStats
← Jan Itor

MegaRandom

510504544Analyzed
4v4 RM · 1d ago on Oct 1, 2026· 38m 58s· 8 players
Game mode
Random Map
Map size
Large (8 player)
Population
200
Speed
Normal
Resources
Standard
Victory
Conquest
Starting age
Dark Age
Ending age
Imperial Age
RankedLock teamsTeams togetherTeam positionsShared explorationLock speedFull tech treeHidden civsTurbo modeCheats
Victory
Defeat
🇨🇳 Turks · China
1869
+12
🇨🇳 Sicilians · China
1846
+12
🇦🇷 Malay · Argentina
1780
+15
🇨🇳 Gurjaras · China
1759
+16
🇩🇪 Bohemians · Germany
1815
-15
🇫🇷 Inca · France
1814
-16
🇧🇷 Bengalis · Brazil
1718
-12
1713
-12
十大地方
6:54 Loom
9:18 Feudal Age
10:06 Double-Bit Axe
13:51 Fletching
14:02 Horse Collar
18:42 Padded Archer Armor
21:46 Castle Age
21:18 Scale Barding Armor
21:24 Forging
21:13 Gold Mining
23:59 Husbandry
27:26 Chain Barding Armor
28:23 Bloodlines
28:40 Heavy Plow
31:06 Iron Casting
40:09 Imperial Age
38:25 Wheelbarrow
ique大爷
6:47 Loom
9:26 Feudal Age
12:16 Fletching
12:21 Double-Bit Axe
13:42 Gold Mining
14:26 Padded Archer Armor
23:18 Castle Age
21:07 Horse Collar
23:21 Crossbowman
23:57 Bodkin Arrow
24:37 Bow Saw
25:35 Ballistics
27:39 Leather Archer Armor
36:48 Wheelbarrow
_Ares_大锤
8:44 Loom
11:00 Feudal Age
10:54 Double-Bit Axe
13:18 Wheelbarrow
14:58 Town Watch
15:55 Scale Barding Armor
16:34 Forging
20:30 Castle Age
18:20 Gold Mining
18:40 Horse Collar
20:51 Iron Casting
19:38 Light Cavalry
20:18 Husbandry
21:52 Bow Saw
33:09 Heavy Plow
35:34 Fishing Lines
36:14 Gillnets
36:46 Gillnets
40:04 Imperial Age
38:52 Fletching
39:20 Hand Cart
40:38 Blast Furnace
温蒂
6:31 Loom
10:09 Feudal Age
10:49 Double-Bit Axe
12:51 Fishing Lines
13:00 Horse Collar
19:28 Castle Age
18:17 Scale Barding Armor
18:22 Forging
19:27 Bloodlines
20:35 Bow Saw
21:02 Wheelbarrow
21:55 Fletching
22:06 Padded Archer Armor
23:22 Bodkin Arrow
23:43 Leather Archer Armor
23:20 Elite Skirmisher
25:41 Ballistics
32:59 Imperial Age
31:12 Stone Mining
31:13 Gold Mining
31:39 Hand Cart
32:26 Heavy Plow
33:26 Gold Shaft Mining
33:26 Stone Shaft Mining
33:52 Bracer
34:54 Chemistry
34:08 Scale Mail Armor
34:44 Iron Casting
34:12 Town Watch
35:27 First Crusade
35:27 Conscription
36:34 Chain Mail Armor
36:12 Elite Serjeant
38:19 Blast Furnace
38:06 Plate Mail Armor
37:37 Squires
37:23 Arson
38:32 Crop Rotation
38:38 Siege Engineers
=)Svanhilde
3:31 Loom
10:54 Feudal Age
11:43 Double-Bit Axe
16:46 Castle Age
15:01 Gold Mining
16:29 Fletching
17:01 Crossbowman
18:20 Padded Archer Armor
18:18 Bodkin Arrow
22:52 Ballistics
25:35 Fishing Lines
32:09 Imperial Age
35:45 Imperial Age
36:20 Wheelbarrow
35:57 Padded Archer Armor
36:28 Bracer
GuneR
8:25 Loom
10:41 Feudal Age
14:18 Castle Age
12:48 Double-Bit Axe
16:16 Town Watch
17:40 Fletching
19:59 Bodkin Arrow
25:11 Horse Collar
35:08 Wheelbarrow
36:08 Hand Cart
38:52 Imperial Age
36:36 Padded Archer Armor
36:26 Fishing Lines
37:01 Bow Saw
37:52 Leather Archer Armor
39:03 Ballistics
trói em vào cột điện
5:02 Loom
11:55 Feudal Age
16:12 Castle Age
15:27 Double-Bit Axe
20:05 Bow Saw
19:37 Fishing Lines
26:39 Wheelbarrow
25:56 Horse Collar
28:27 Heavy Plow
30:34 Hand Cart
31:43 Fletching
31:26 Pikeman
34:11 Scale Mail Armor
34:22 Forging
36:37 Squires
40:57 Imperial Age
Jan Itor
7:08 Loom
9:21 Feudal Age
9:49 Double-Bit Axe
10:02 Horse Collar
16:34 Scale Barding Armor
17:22 Wheelbarrow
16:43 Town Watch
17:34 Forging
22:00 Wheelbarrow
24:10 Castle Age
25:18 Bow Saw
25:08 Heavy Plow
28:34 Wheelbarrow
30:35 Chain Barding Armor
34:14 Sanctity
35:47 Hand Cart
39:56 Imperial Age
38:13 Fervor
39:35 Chemistry
Connection lost

Rejoining the realm…

Still unreachable

The connection could not be restored.

Session expired

The server has moved on; the page needs a fresh start.